 Dungeon Crawl Stone Soup version 0.30-a0-956-gcec3b41aec (webtiles) character file.

Game seed: 5921598311936207821

601 dredge the Slasher (level 7, -1/81 HPs)
             Began as a Human Berserker on Mar 30, 2023.
             Was a Priest of Trog.
             Splashed by a jelly's acid (9 damage)
             ... on level 5 of the Dungeon.
             The game lasted 00:08:41 (4147 turns).

dredge the Slasher (Human Berserker)                Turns: 4147, Time: 00:08:41

Health: -1/81      AC: -3    Str: 19    XL:     7   Next: 69%
Magic:  7/7        EV: 10    Int:  8    God:    Trog [***...]
Gold:   8          SH:  0    Dex: 12    Spells: 6/6 levels left

rFire   . . .      SeeInvis +    o - +2 spear (vamp)
rCold   . . .      Faith    .    (no shield)
rNeg    + . .      Spirit   .    c - +0 scale mail
rPois   .          Reflect  .    x - +1 hat
rElec   .          Rampage  .    (no cloak)
rCorr   .                        (no gloves)
Will    .....                    (no boots) Stlth
                                 u - amulet of regeneration
HPRegen 1.13/turn                e - ring of positive energy
MPRegen 0.10/turn                v - ring of see invisible

@: berserking, corroded, very quick
A: no striking features
a: Renounce Religion, Berserk, Trog's Hand


You were on level 5 of the Dungeon.
You worshipped Trog.
Trog was most pleased with you.
You visited 1 branch of the dungeon, and saw 5 of its levels.

You collected 173 gold pieces.
You spent 165 gold pieces at shops.

Inventory:

Hand Weapons
 a - a +0 falchion
 h - a +0 glaive
 o - a +2 vampiric spear (weapon)
Missiles
 j - 4 curare-tipped darts (quivered)
Armour
 c - a +0 scale mail (worn)
 x - a +1 hat (worn)
Jewellery
 e - a ring of positive energy (left hand)
 u - an amulet of regeneration (around neck)
 v - a ring of see invisible (right hand)
Wands
 q - a wand of polymorph (6)
 s - a wand of mindburst (15)
Scrolls
 b - 7 scrolls of blinking {unknown}
 g - 3 scrolls of immolation {unknown}
 i - a scroll of poison {unknown}
 n - a scroll of enchant armour {unknown}
 p - 2 scrolls of amnesia {unknown}
 w - a scroll of noise {unknown}
Potions
 d - 2 potions of flight {unknown}
 f - 3 potions of curing {unknown}
 k - 2 potions of brilliance {unknown}
 l - a potion of magic {unknown}
 m - a potion of attraction {unknown}
 r - a potion of heal wounds {unknown}
 t - 2 potions of lignification {unknown}


   Skills:
 + Level 4.1 Fighting
 + Level 4.3 Long Blades
 + Level 4.0 Polearms
 + Level 4.2 Armour
 + Level 3.3 Dodging
 + Level 0.1 Stealth


You had 6 spell levels left.
You didn't know any spells.
Your spell library contained the following spells:

 Spells                   Type           Power      Damage    Failure   Level
 Kiss of Death            Conj/Necr      0%         2d5       77%         1
 Summon Small Mammal      Summ           0%         N/A       77%         1
 Cigotuvi's Dreadful Rot  Necr/Pois/Air  0%         N/A       88%         2
 Static Discharge         Conj/Air       0%         2-2/arc   88%         2
 Call Canine Familiar     Summ           0%         N/A       98%         3
 Confusing Touch          Hex            0%         N/A       98%         3
 Dazzling Flash           Conj/Hex       0%         N/A       98%         3
 Vhi's Electric Charge    Tloc/Air       0%         N/A       98%         3
 Dispel Undead            Necr           0%         3d6       100%        4
 Iskenderun's Mystic Bla  Conj/Tloc      0%         2d3       100%        4
 Arcjolt                  Conj/Air       0%         1d10      100%        5
 Plasma Beam              Fire/Air       0%         2x1d7     100%        5
 Death Channel            Necr           0%         N/A       100%        6
 Starburst                Conj/Fire      0%         6d3       100%        6


Dungeon Overview and Level Annotations

Branches:
Dungeon (5/15)
 Temple: D:4-7

Altars:
Dithmenos
Elyvilon
Okawaru

Shops:
D:3 ?   D:5 [


Message History

You hit the jelly. The acid corrodes you!
Your hands burn!
The jelly is almost dead.
The jelly jiggles.
The jelly hits you but does no damage.
You hit the jelly.
You feel better. The acid corrodes you!
Your hands burn!
The jelly is almost dead.
The jelly hits you. The acid corrodes you!
You are splashed with acid!
You hit the jelly but do no damage.
Your hands burn!
The jelly is almost dead.
The jelly closely misses you.
You hit the jelly but do no damage.
Your hands burn!
The jelly is almost dead.
The jelly hits you.
You are splashed with acid!
You are too injured to fight recklessly!
You hit the jelly but do no damage.
Your hands burn!
The jelly is almost dead.
The jelly barely misses you.
You hit the jelly but do no damage.
Your hands burn!
The jelly is almost dead.
You hit the jelly but do no damage.
Your hands burn!
The jelly is almost dead.
The jelly misses you.
You barely miss the jelly.
The jelly is almost dead.
The jelly barely misses you.
You hit the jelly but do no damage.
Your hands burn!
The jelly is almost dead.
The jelly barely misses you.
You hit the jelly but do no damage.
Your hands burn!
* * * LOW HITPOINT WARNING * * *
The jelly is almost dead.
The jelly hits you.
* * * LOW HITPOINT WARNING * * *
You are splashed with acid!
* * * LOW HITPOINT WARNING * * *
A red film seems to cover your vision as you go berserk!
You feel yourself moving faster!
You feel mighty! The jelly hits you.
* * * LOW HITPOINT WARNING * * *
You are splashed with acid!
You die...

## .#####.#####
......J@...#
.#########.# #.# #.#
#.# ###### #)#
##....#### #.#
#........#
#####.###..##.##.##
##..................


You could see a jelly.

Vanquished Creatures
  Sigmund (D:5)
  A centaur (D:5)
  2 scorpions
  2 jellies
  An iguana (D:5)
  A sleepcap (D:4)
  6 adders
  An orc (D:3)
  7 endoplasms
  2 giant cockroaches
  6 goblins
  8 hobgoblins
  9 jackals
  A quokka (D:2)
  12 ball pythons
  6 bats
  2 frilled lizards (D:2)
  8 kobolds
  5 rats
81 creatures vanquished.

Vanquished Creatures (others)
  4 plants (D:4)
4 creatures vanquished.

Grand Total: 85 creatures vanquished

Notes
Turn   | Place    | Note
-------+----------+-------------------------------------------
     0 | D:1      | dredge the Human Berserker began the quest for the Orb.
     0 | D:1      | Reached XP level 1. HP: 18/18 MP: 1/1
   130 | D:1      | Found a faded altar of an unknown god.
   216 | D:1      | Reached XP level 2. HP: 24/24 MP: 2/2
   405 | D:1      | Reached XP level 3. HP: 29/29 MP: 3/3
   601 | D:1      | Reached ** piety under Trog
  1054 | D:2      | Reached XP level 4. HP: 35/35 MP: 4/4
  1571 | D:3      | Found The Oracle's Delphic Readings.
  1796 | D:3      | Got Wenitutt's Precepts of Summoned Despicable Ceremonies
  2293 | D:4      | Found an iron altar of Okawaru.
  2304 | D:4      | Reached XP level 5. HP: 41/41 MP: 5/5
  2331 | D:4      | Reached *** piety under Trog
  2332 | D:4      | Reached skill level 1 in Polearms
  2553 | D:4      | Reached XP level 6. HP: 22/47 MP: 6/6
  2757 | D:4      | Found a shadowy altar of Dithmenos.
  2798 | D:4      | Found a white marble altar of Elyvilon.
  3199 | D:5      | Entered Level 5 of the Dungeon
  3602 | D:5      | Noticed Sigmund
  3619 | D:5      | Killed Sigmund
  3620 | D:5      | Reached XP level 7. HP: 54/54 MP: 7/7
  3902 | D:5      | Found Kubbelik's Armour Emporium.
  3915 | D:5      | Bought a +1 hat for 165 gold pieces
  4147 | D:5      | Splashed by a jelly's acid

Illustrated notes

Levels and vault maps discovered:
D:1:      amcnicky_arrival_double_pillar, layout_loops_ring,
          shapermc_ecumenical_altar_starsandcircs
D:2:      layout_loops_ring, minmay_misc_feat_columns
D:3:      layout_loops_ring, nicolae_nh_oracle_at_delphi
D:4:      layout_basic, okawaru_metal_pillars_1_2, nicolae_elyvilon_temple_path,
          grunt_dithmenos_smoke_and_mirrors
D:5:      layout_basic, serial_shops, nicolae_shop_stone, uniq_sigmund

Skill      XL: |  1  2  3  4  5  6  7 |
---------------+----------------------+-----
Long Blades    | 4 |  4.3
Polearms       | 2 3 4 |  4.0
Armour         | 3 4 |  4.2
Dodging        | 3 |  3.3
Fighting       | 4 |  4.1
Stealth        | |  0.1

Action                     |  1- 3 |  4- 6 |  7- 9 || total
---------------------------+-------+-------+-------++-------
  Melee: Falchion          |   110 |    52 |       ||   162
         Spear             |       |   141 |    32 ||   173
         Punch             |       |     3 |     1 ||     4
 Invoke: Berserk           |       |       |     1 ||     1
 Armour: Scale mail        |    51 |    52 |    11 ||   114
  Dodge: Dodged            |    81 |   101 |    14 ||   196

Table legend: (Time is in decaauts)
 A = Elapsed time spent in this place.
 B = Non-inter-level travel time spent in this place.
 C = Inter-level travel time spent in this place.
 D = Time resting spent in this place.
 E = Time spent auto-exploring this place.
 F = Levels seen in this place.
 G = Mean time per level.
                   A        B        C        D        E       F      G
               +--------+--------+--------+--------+--------+-----+--------+
         Total |   4163 |   4078 |     85 |      0 |   3398 |   5 |  832.6 |
       Dungeon |   4163 |   4078 |     85 |      0 |   3398 |   5 |  832.6 |
               +--------+--------+--------+--------+--------+-----+--------+

Top non-repeatable levels by time:
     D:5: 943 daAuts
     D:4: 939 daAuts
     D:3: 769 daAuts
     D:2: 763 daAuts
     D:1: 747 daAuts
